 Dungeon Sprint DCSS version 0.20-a0-1065-g8446734 (webtiles) character file.

8530 Loading the End of an Era (level 11, -17/92 HPs)
             Began as a Formicid Monk on Apr 28, 2017.
             Was the Champion of Qazlal.
             Killed from afar by a deep elf annihilator (40 damage)
             ... with a crystal spear
             ... in the Dungeon (Sprint V: "Ziggurat Sprint").
             The game lasted 00:05:41 (880 turns).

Loading the End of an Era (Formicid Monk)            Turns: 880, Time: 00:05:41

Health: -17/92     AC: 22    Str: 16    XL:     11   Next: 57%
Magic:  22/22      EV:  1    Int: 10    God:    Qazlal [******]
Gold:   0          SH: 39    Dex: 28    Spells: 10/10 levels left

rFire    + + +     SeeInvis +   I - +7 great mace "Firestarter" {inner flame, rF++}
rCold    + . .     Gourm    .   H - +18 shield of the Gong {rElec rN+ MR+ EV-5}
rNeg     + . .     Faith    .   a - +5 gold dragon scales
rPois    +         Spirit   .   (helmet unavailable)
rElec    +         Reflect  .   (no cloak)
rCorr    .         Harm     .   (no gloves)
MR       ++...                  (no boots)
Stlth    ..........             (no amulet)
Regen    0.3/turn               x - +6 ring of dexterity
MPRegen  0.2/turn               y - +6 ring of dexterity

@: protected from fire, studying Fire Magic, repel missiles
A: permanent stasis, dig shafts and tunnels, four strong arms, antennae 3
a: Dig, Upheaval, Elemental Force, Disaster Area, Renounce Religion


You were in the Dungeon.
You worshipped Qazlal.
Qazlal was exalted by your worship.
You were very full.

You visited 1 branch

Inventory:

Hand Weapons
 I - the +7 great mace "Firestarter" (weapon) {inner flame, rF++}
   (You found it in the Dungeon)

   It has been specially enchanted to burn those struck by it, causing extra
   injury to most foes and up to half again as much damage against particularly
   susceptible opponents.
   It greatly protects you from fire.
 M - the +5 demon whip "Spellbinder" {antimagic, MR+}
   (You took it off a spriggan druid in the Dungeon)

   It reduces the magical energy of the wielder, and disrupts the spells and
   magical abilities of those hit.
   Natural abilities and divine invocations are not affected.
   It affects your resistance to hostile enchantments.
Armour
 a - +5 gold dragon scales (worn)
 H - the +18 shield of the Gong (worn) {rElec rN+ MR+ EV-5}
   (You found it in the Dungeon)

   It affects your evasion (-5).
   It insulates you from electricity.
   It protects you from negative energy.
   It affects your resistance to hostile enchantments.
Jewellery
 x - a +6 ring of dexterity (left hand)
 y - a +6 ring of dexterity (right hand)
 z - a +6 ring of intelligence
 A - a +6 ring of intelligence
 B - a +6 ring of strength
 C - a +6 ring of strength
 J - the ring "Nemumoux" {rN+ Int-5 Dex+3 Stlth-}
   (You found it in the Dungeon)

   [ring of loudness]

   It affects your intelligence (-5).
   It affects your dexterity (+3).
   It protects you from negative energy.
   It makes you less stealthy.
 K - an uncursed ring of protection from fire
Wands
 D - a wand of disintegration (7/24)
 E - a wand of iceblast (5/15)
 F - a wand of lightning (5/15)
 G - a wand of acid (5/15)
Scrolls
 i - 4 scrolls of blinking
 o - 4 scrolls of amnesia
 p - 3 scrolls of recharging
 q - 7 scrolls of fog
 r - a scroll of holy word
 s - 5 scrolls of identify
 t - 5 scrolls of remove curse
 u - 2 scrolls of fear
Potions
 b - 2 potions of brilliance
 d - 10 potions of curing
 e - 18 potions of heal wounds
 f - 6 potions of haste
 g - 7 potions of magic
 h - 3 potions of berserk rage
 j - 2 potions of invisibility
 k - 4 potions of resistance
 m - 5 potions of agility
 n - 6 potions of might
Books
 l - a manual of Fire Magic
Comestibles
 c - 5 bread rations
 v - 33 fruits
 w - 4 meat rations
 L - a chunk of flesh


   Skills:
 + Level 10.8 Fighting
 * Level 14.9 Maces & Flails
 + Level 10.2 Armour
 + Level 9.1 Dodging
 - Level 2.4 Stealth
 + Level 11.1 Shields
 * Level 15.2 Invocations


You had 10 spell levels left.
You didn't know any spells.

Dungeon Overview and Level Annotations

Branches:
Dungeon (1/1)

Altars:
Ashenzari
Cheibriados
Dithmenos
Elyvilon
Fedhas
Gozag
Hepliaklqana
Kikubaaqudgha
Makhleb
Nemelex Xobeh
Okawaru
Qazlal
Ru
Sif Muna
Trog
Uskayaw
Vehumet
Wu Jian
Xom
Yredelemnul
Zin
The Shining One
Beogh
Jiyva
Lugonu


Innate Abilities, Weirdness & Mutations

You cannot be hasted, slowed, berserked, paralysed or teleported.
You can dig through walls and to a lower floor.
Your four strong arms can wield two-handed weapons with a shield.
You have a pair of large antennae on your head. (SInv)


Message History

The deep elf mage gestures wildly while chanting.
The deep elf mage blinks!
The moth of wrath is engulfed in blazing flames.
Your gold dragon scales prevents you from hitting the deep elf master archer.
The deep elf master archer is heavily wounded.
You block the wolf spider's attack.
PANG!
You block the wolf spider's attack.
BOUMMMMG!
You block the war axe of chopping's attack.
BOUMMMMG!
The wolf spider hits you but does no damage.
The wolf spider bites you!
* * * LOW HITPOINT WARNING * * *
The deep elf mage mumbles some strange words.
The deep elf mage blinks!
The deep elf annihilator is engulfed in blazing flames.
The deep elf annihilator casts a spell at you.
The crystal spear hits you!
You die...

{ ▓..|):=)..▓
▓..):)))..▓...:)[[..▓
▓.........▓.........▓
▓......e..▓.........▓
▓.........▓.........▓
▓..s.....e▓....)....▓
▓...§§§e§.▓..†)[....▓
▓.▓.§(ey▓s▓....)....▓
▓...Ss@e..▓▓▓▓▓▓▓▓▓▓▓
▓▓▓▓▓▓▓▓▓▓▓ { {


{{{{{{{ {{{{{{{{{ {{{{{{{ {{{{{{{{{{ {{{{{{{ {{{ {{{{{{ {{{{{{{ You could see a
deep elf master archer (inner flame), a deep elf annihilator, a wolf spider
(berserk), a moth of wrath, a deep elf knight, a mana viper, 2 orb spiders, 2
deep elf magi and a war axe of chopping (inner flame).

Vanquished Creatures
  A deep elf elementalist (D)
  A deep elf annihilator (D)
  A deep elf knight (D)
  A spriggan druid (D)
  A wolf spider (D)
  A shining eye (D)
  A deep elf mage (D)
  A hornet (D)
  2 polar bears (D)
  3 slime creatures (D)
  A raiju (D)
  Sigmund (D)
  4 spriggans (D)
  3 nagas (D)
  2 water moccasins (D)
  2 porcupines (D)
  A hell hound (D)
  3 black bears (D)
  2 phantoms (D)
  2 wolves (D)
  Blork the orc (D)
  An earth elemental (D)
  A wight (D)
  2 crimson imps (D)
  A quasit (D)
  2 jellies (D)
  An iron imp (D)
  Jessica (D)
  A shadow imp (D)
  2 white imps (D)
  An ooze (D)
  2 adder skeletons (D)
  3 ball pythons (D)
  A bat skeleton (D)
  A bat zombie (D)
  2 jackals (D)
  A leopard gecko simulacrum (D)
  A leopard gecko zombie (D)
59 creatures vanquished.

Vanquished Creatures (others)
  A spatial maelstrom (D)
1 creature vanquished.

Grand Total: 60 creatures vanquished

Notes
Turn   | Place    | Note
-------+----------+-------------------------------------------
     0 | D        | Loading the Formicid Monk began the quest for the Orb.
     0 | D        | Reached XP level 1. HP: 18/18 MP: 1/1
     0 | D        | Banished a spatial maelstrom
    10 | D        | Found a blossoming altar of Fedhas.
    13 | D        | Found a deep blue altar of Sif Muna.
    13 | D        | Found a sacrificial altar of Ru.
    13 | D        | Found a bloodstained altar of Trog.
    13 | D        | Found a stormy altar of Qazlal.
    13 | D        | Found an iron altar of Okawaru.
    13 | D        | Found a sparkling altar of Nemelex Xobeh.
    15 | D        | Found an ancient bone altar of Kikubaaqudgha.
    15 | D        | Found a viscous altar of Jiyva.
    15 | D        | Found a corrupted altar of Lugonu.
    15 | D        | Found a hazy altar of Hepliaklqana.
    15 | D        | Found a burning altar of Makhleb.
    15 | D        | Found an opulent altar of Gozag.
    43 | D        | Became a worshipper of Qazlal Stormbringer
    43 | D        | Reached * piety under Qazlal
    43 | D        | Reached ** piety under Qazlal
    58 | D        | Reached XP level 2. HP: 24/24 MP: 2/2
    72 | D        | Entered arena 2.
    72 | D        | Noticed a deep elf mage
    72 | D        | Noticed an earth elemental
    76 | D        | Killed an earth elemental
    76 | D        | Reached skill level 1 in Armour
    76 | D        | Reached skill level 3 in Invocations
    76 | D        | Reached XP level 3. HP: 20/30 MP: 2/5
    76 | D        | Reached XP level 4. HP: 24/37 MP: 2/6
    76 | D        | Killed a deep elf mage
    76 | D        | Reached skill level 5 in Fighting
    76 | D        | Reached skill level 10 in Maces & Flails
    76 | D        | Reached skill level 5 in Shields
    76 | D        | Reached skill level 7 in Invocations
    76 | D        | Reached XP level 5. HP: 30/46 MP: 2/10
    76 | D        | Reached XP level 6. HP: 34/52 MP: 2/11
    76 | D        | Reached XP level 7. HP: 38/57 MP: 2/12
   178 | D        | Entered arena 3.
   178 | D        | Noticed Sigmund
   178 | D        | Noticed Jessica
   178 | D        | Noticed Blork the orc
   186 | D        | Killed Blork the orc
   186 | D        | Reached skill level 8 in Invocations
   187 | D        | Killed Sigmund
   187 | D        | Reached *** piety under Qazlal
   187 | D        | Reached skill level 5 in Armour
   187 | D        | Reached skill level 5 in Dodging
   189 | D        | Killed Jessica
   200 | D        | Got the ring "Nemumoux" {rN+ Int-5 Dex+3 Stlth-}
   202 | D        | Entered arena 4.
   206 | D        | Reached skill level 9 in Invocations
   206 | D        | Reached XP level 8. HP: 61/65 MP: 14/14
   215 | D        | Reached **** piety under Qazlal
   227 | D        | Entered arena 5.
   227 | D        | Noticed a polar bear
   227 | D        | Noticed a polar bear
   232 | D        | Killed a polar bear
   235 | D        | Killed a polar bear
   235 | D        | Reached ***** piety under Qazlal
   235 | D        | Reached skill level 10 in Invocations
   347 | D        | Entered arena 6.
   351 | D        | Reached XP level 9. HP: 72/72 MP: 16/16
   386 | D        | Entered arena 7.
   386 | D        | Noticed a raiju
   391 | D        | Killed a raiju
   391 | D        | Reached skill level 11 in Invocations
   394 | D        | Reached ****** piety under Qazlal
   503 | D        | Entered arena 8.
   543 | D        | Entered arena 9.
   543 | D        | Noticed a slime creature
   543 | D        | Noticed a slime creature
   543 | D        | Noticed a shining eye
   543 | D        | Noticed a slime creature
   544 | D        | Killed a shining eye
   544 | D        | Reached skill level 12 in Invocations
   550 | D        | Killed a slime creature
   550 | D        | Killed a slime creature
   550 | D        | Killed a slime creature
   550 | D        | Reached XP level 10. HP: 67/82 MP: 11/19
   715 | D        | Entered arena 10.
   775 | D        | Entered arena 11.
   775 | D        | Noticed a spriggan druid
   775 | D        | Noticed a spriggan rider
   782 | D        | Reached skill level 13 in Invocations
   789 | D        | Killed a spriggan druid
   790 | D        | Killed a spriggan rider
   790 | D        | Reached skill level 10 in Shields
   790 | D        | Reached skill level 10 in Fighting
   790 | D        | Reached skill level 14 in Invocations
   790 | D        | Reached XP level 11. HP: 70/90 MP: 19/21
   869 | D        | Entered arena 12.
   869 | D        | Noticed an orb spider
   869 | D        | Noticed a war axe of chopping
   869 | D        | Noticed a deep elf knight
   869 | D        | Noticed a deep elf annihilator
   869 | D        | Noticed a deep elf master archer
   869 | D        | Noticed a deep elf elementalist
   869 | D        | Noticed an orb spider
   869 | D        | Noticed a wolf spider
   870 | D        | Noticed a wolf spider
   871 | D        | Noticed a deep elf knight
   871 | D        | Noticed a deep elf mage
   872 | D        | Noticed a moth of wrath
   872 | D        | Noticed a mana viper
   872 | D        | Noticed a deep elf annihilator
   872 | D        | Noticed a deep elf mage
   874 | D        | Killed a wolf spider
   874 | D        | Killed a deep elf knight
   875 | D        | Killed a deep elf annihilator
   875 | D        | Reached skill level 10 in Armour
   876 | D        | Killed a deep elf elementalist
   876 | D        | Reached skill level 15 in Invocations
   880 | D        | Killed from afar by a deep elf annihilator

Vault maps used:
D:        sprint_v

Skill      XL: |  1  2  3  4  5  6  7  8  9 10 11 |
---------------+----------------------------------+-----
Maces & Flails | 8 10 11 12 14 | 14.9
Fighting       | 4 5 6 7 8 10 | 10.8
Armour         | 1 4 5 6 8 9 10 | 10.2
Dodging        | 3 4 5 6 7 8 9 |  9.1
Shields        | 2 5 6 7 8 10 11 | 11.1
Invocations    | 3 7 9 10 12 14 15 | 15.2
Stealth        | |  2.4

Action                   |  1- 3 |  4- 6 |  7- 9 | 10-12 || total
-------------------------+-------+-------+-------+-------++-------
Melee: Great mace        |     3 |       |    47 |    32 ||    82
Invok: Disaster Area     |       |       |     1 |       ||     1
  Use: Potion            |     1 |       |       |       ||     1
  Eat: Fruit             |       |       |       |     9 ||     9
Armor: Gold dragon scale |       |       |    22 |    30 ||    52
Dodge: Dodged            |       |       |       |     1 ||     1
Block: Shield            |     4 |       |    88 |    87 ||   179
